 Dungeon Crawl Stone Soup version 0.21-a0-321-g91e3373 (console) character file.

1361 nht the Poker (level 8, -1/63 HPs)
             Began as a Gnoll Wanderer on Sept 30, 2017.
             Engulfed by a cloud of flame (17 damage)
             ... on level 6 of the Dungeon.
             The game lasted 00:10:38 (5210 turns).

nht the Poker (Gnoll Wanderer)                      Turns: 5210, Time: 00:10:39

Health: -1/63      AC:  9    Str: 13    XL:     8   Next: 64%
Magic:  4/4        EV: 11    Int: 18    God:    Xom [..*...]
Gold:   207        SH:  0    Dex: 15    Spells: 15/15 levels left

rFire    + . .     SeeInvis .   p - +9 war axe {antimagic, rF+ rN+++ MR+ Dex-4}
rCold    . . .     Gourm    .   (no shield)
rNeg     + + +     Faith    .   q - +3 scale mail
rPois    .         Spirit   .   (helmet restricted)
rElec    .         Reflect  .   (no cloak)
rCorr    .         Harm     .   (no gloves)
MR       +....                  (no boots)
Stlth    +++.......             c - amulet of inaccuracy (curse)
HPRegen  0.20/turn              (no ring)
MPRegen  0.09/turn              (no ring)

@: lethally poisoned (-1 -> -2)
A: distributed training, fangs 1, horns 1, camouflage 1, clever 1, robust 1,
strong 1, strong nose
a: Renounce Religion


You were on level 6 of the Dungeon.
You worshipped Xom.
You were a toy of Xom.
You were not hungry.

You visited 1 branch of the dungeon, and saw 6 of its levels.
You also visited: Sewer.

You collected 207 gold pieces.

Inventory:

Hand Weapons
 h - a +1 dagger of speed
 n - a +4 flail of crushing
 o - a +2 spear of freezing
 p - the +9 war axe "Akkouloi" (weapon) {antimagic, rF+ rN+++ MR+ Dex-4}
   (You found it on level 5 of the Dungeon)

   It reduces the magical energy of the wielder, and disrupts the spells and
   magical abilities of those hit.
   Natural abilities and divine invocations are not affected.
   It affects your dexterity (-4).
   It protects you from fire.
   It renders you almost immune to negative energy.
   It affects your resistance to hostile enchantments.
 x - a cursed -2 hand axe
Armour
 j - a +0 helmet
 q - a +3 scale mail (worn)
Jewellery
 c - a cursed amulet of inaccuracy (around neck)
 y - an uncursed amulet of the gourmand {unknown}
Wands
 d - a wand of flame (15/48)
 g - a wand of acid (0/15)
Scrolls
 b - 4 scrolls of identify
 k - 2 scrolls of magic mapping
 r - a scroll of fear
Potions
 e - 2 potions of might
 l - a potion of heal wounds
 m - 2 potions of magic
 s - a potion of ambrosia
 t - 2 potions of curing
 u - a potion of lignification
Books
 a - a book of Spatial Translocations

   Spells                             Type                      Level
   a - Blink                          Translocation                2
   b - Shroud of Golubria             Charms/Translocation         2
   c - Lesser Beckoning               Translocation                3
   d - Gell's Gravitas                Translocation                3
   e - Teleport Other                 Translocation                3
   f - Passage of Golubria            Translocation                4
Comestibles
 f - 2 bread rations
 i - a chunk of flesh
 v - 4 meat rations
 w - 2 royal jellies
 z - 3 fruits


   Skills:
 + Level 3.5 Fighting
 + Level 4.0 Short Blades
 + Level 2.8 Long Blades
 + Level 3.7 Axes
 + Level 3.5 Maces & Flails
 + Level 7.5 Polearms
 + Level 3.1 Staves
 + Level 3.9 Slings
 + Level 3.9 Bows
 + Level 2.6 Crossbows
 + Level 3.1 Throwing
 + Level 2.8 Armour
 + Level 4.0 Dodging
 + Level 5.6 Stealth
   Level 0.0 Stabbing
 + Level 3.7 Shields
   Level 0.0 Traps
 + Level 3.5 Unarmed Combat
 + Level 4.2 Spellcasting
 + Level 3.9 Conjurations
 + Level 2.8 Hexes
 + Level 3.9 Charms
 + Level 3.5 Summonings
 + Level 3.7 Necromancy
 + Level 5.9 Translocations
 + Level 2.6 Transmutations
 + Level 3.3 Fire Magic
 + Level 3.1 Ice Magic
 + Level 2.3 Air Magic
 + Level 2.3 Earth Magic
 + Level 2.8 Poison Magic
 + Level 4.0 Invocations
 + Level 3.5 Evocations


You had 15 spell levels left.
You didn't know any spells.

Dungeon Overview and Level Annotations

Branches:
Dungeon (6/15)
 Temple: D:4-7

Altars:
Ashenzari
Okawaru
Qazlal
Ru
Uskayaw
Wu Jian
Xom

Annotations:
D:6 Sigmund


Innate Abilities, Weirdness & Mutations

Your experience applies equally to all skills.
You have very sharp teeth.
Your uncanny sense of smell can sniff out nearby items.
You have a pair of small horns on your head.
Your skin changes colour to match your surroundings (Stealth+).
Your mind is acute. (Int +2)
You are robust. (+10% HP)
Your muscles are strong. (Str +2)


Message History

Press: ? - help, Shift-Dir - straight line, f/p - Sigmund
Aim: Sigmund, wielding an enchanted scythe and wearing a robe (moderately wounded, slow)
The puff of flame misses Sigmund.
The puff of flame hits the adder.
You kill the adder!
This wand has 15 charges left.
Your ring of flames gutters out.
You feel sick. Sigmund closely misses you.
You closely miss Sigmund.
Sigmund is moderately wounded.
You are engulfed in blazing flames.
You resist.
You completely miss Sigmund.
Sigmund is moderately wounded.
You are engulfed in blazing flames.
You resist.
Sigmund hits you with an enchanted scythe!
* * * LOW HITPOINT WARNING * * *
You closely miss Sigmund. You bite Sigmund, but do no damage.
Sigmund is moderately wounded.
You are engulfed in blazing flames.
You resist.
You die...
Xom roars with laughter!

████████████.██
█.......█
████.█████
█....█ █.████
█.█ █§█ █.█ █@█
█@█ █.█ █.█ ..█
███


You could see Sigmund.

Vanquished Creatures
  Grinder (D:5)
  Menkaure (D:6)
  Edmund (D:4)
  2 ogres (D:5)
  The ghost of nht the Vexing, an amateur GnEn (D:3)
  A bullfrog (D:3)
  2 scorpions (D:5)
  A crimson imp (D:5)
  2 orc priests
  2 hounds (D:5)
  A jelly (D:5)
  A gnoll shaman (D:4)
  An orc wizard (D:5)
  An iguana (D:4)
  3 worker ants (D:4)
  6 adders
  An adder skeleton (D:4)
  An adder zombie (D:5)
  3 dart slugs
  10 leopard geckos
  10 orcs
  4 ball pythons
  7 bats
  9 giant cockroaches
  7 goblins
  4 hobgoblins
  9 jackals
  5 quokkas
  8 frilled lizards
  2 jackal skeletons
  17 kobolds
  A leopard gecko skeleton (D:5)
  A leopard gecko zombie (D:5)
  A quokka skeleton (D:4)
  7 rats
  A plant (Sewer)
135 creatures vanquished.

Vanquished Creatures (others)
  A plant (Sewer)
1 creature vanquished.

Grand Total: 136 creatures vanquished

Notes
Turn   | Place    | Note
-------+----------+-------------------------------------------
     0 | D:1      | nht the Gnoll Wanderer began the quest for the Orb.
     0 | D:1      | nht set off with: a book of Spatial Translocations, a potion of lignification, a +0 spear, a +0 robe, a +0 dagger, a bread ration
     0 | D:1      | Reached XP level 1. HP: 17/17 MP: 4/4
    58 | D:1      | Reached XP level 2. HP: 15/23 MP: 5/5
   115 | D:1      | Reached skill level 1 in Evocations
   147 | D:1      | Reached skill level 1 in Conjurations
   183 | D:1      | Reached skill level 1 in Hexes
   221 | D:1      | Reached skill level 1 in Shields
   245 | D:1      | Reached XP level 3. HP: 22/28 MP: 6/6
   743 | D:2      | Reached skill level 1 in Charms
   804 | D:2      | Reached skill level 1 in Armour
   804 | D:2      | Reached XP level 4. HP: 29/34 MP: 7/7
   923 | D:2      | Reached skill level 1 in Axes
   962 | D:2      | Reached skill level 1 in Necromancy
  1053 | D:2      | Reached skill level 1 in Fire Magic
  1401 | D:3      | Found an ornate altar of the Wu Jian Council.
  1405 | D:3      | Noticed nht's ghost (amateur GnEn)
  1459 | D:3      | Killed nht's ghost
  1459 | D:3      | Reached skill level 1 in Maces & Flails
  1459 | D:3      | Reached skill level 1 in Staves
  1459 | D:3      | Reached skill level 1 in Bows
  1459 | D:3      | Reached skill level 1 in Summonings
  1459 | D:3      | Reached skill level 5 in Translocations
  1459 | D:3      | Reached skill level 1 in Poison Magic
  1459 | D:3      | Reached XP level 5. HP: 21/39 MP: 7/9
  1467 | D:3      | Gained mutation: You are dopey. (Int -2) [potion of mutation]
  1467 | D:3      | Lost mutation: You are dopey. (Int -2) [potion of mutation]
  1467 | D:3      | Gained mutation: Your muscles are strong. (Str +2) [potion of mutation]
  1467 | D:3      | Gained mutation: You have a pair of small horns on your head. [potion of mutation]
  1636 | D:3      | Found a shimmering altar of Xom.
  1638 | D:3      | Found a shimmering altar of Xom.
  1643 | D:3      | Found a shimmering altar of Xom.
  1645 | D:3      | Found a shimmering altar of Xom.
  1661 | D:3      | Found a sacrificial altar of Ru.
  1667 | D:3      | Found a shimmering altar of Xom.
  1669 | D:3      | Found a shimmering altar of Xom.
  1670 | D:3      | Found a shimmering altar of Xom.
  1671 | D:3      | Found a shimmering altar of Xom.
  1672 | D:3      | Found a shimmering altar of Xom.
  1673 | D:3      | Found a shimmering altar of Xom.
  1675 | D:3      | Became a worshipper of Xom the Elder Chaos God
  1828 | D:3      | Reached skill level 1 in Throwing
  1892 | D:3      | XOM: cloud trail
  1920 | D:3      | XOM: cast spell 'Summon Small Mammal'
  1923 | D:3      | Reached skill level 1 in Unarmed Combat
  1923 | D:3      | Reached skill level 1 in Ice Magic
  2019 | D:4      | Reached skill level 1 in Long Blades
  2019 | D:4      | Reached skill level 1 in Air Magic
  2019 | D:4      | Reached XP level 6. HP: 13/46 MP: 10/10
  2021 | D:4      | Reached skill level 7 in Polearms
  2025 | D:4      | Reached skill level 1 in Transmutations
  2079 | D:4      | XOM: mild Ice miscast
  2129 | D:4      | Found a glowing drain.
  2164 | D:4      | Reached skill level 1 in Earth Magic
  2357 | Sewer    | Entered a sewer
  2944 | Sewer    | XOM: divination: magic mapping
  3189 | Sewer    | XOM: summons 1 hostile demon
  3209 | Sewer    | XOM: mild Air miscast
  3501 | D:4      | XOM: harmless Summ miscast
  3545 | D:4      | XOM: give mutations
  3545 | D:4      | Gained mutation: Your mind is acute. (Int +2) [Xom's grace]
  3545 | D:4      | Gained mutation: Your skin changes colour to match your surroundings (Stealth+). [Xom's grace]
  3545 | D:4      | Gained mutation: You are robust. (+10% HP) [Xom's grace]
  3783 | D:4      | Noticed Edmund
  3788 | D:4      | Killed Edmund
  3788 | D:4      | Reached skill level 1 in Slings
  3788 | D:4      | Reached skill level 1 in Crossbows
  3788 | D:4      | Reached XP level 7. HP: 57/57 MP: 11/11
  3913 | D:4      | Found a shattered altar of Ashenzari.
  4005 | D:5      | Entered Level 5 of the Dungeon
  4078 | D:5      | XOM: polymorph worm -> ogre
  4098 | D:5      | Found an iron altar of Okawaru.
  4169 | D:5      | XOM: confuse monster(s)
  4174 | D:5      | Reached skill level 5 in Stealth
  4246 | D:5      | Noticed Grinder
  4250 | D:5      | Paralysed by Grinder for 2 turns
  4260 | D:5      | Killed Grinder
  4260 | D:5      | Reached XP level 8. HP: 28/63 MP: 13/13
  4266 | D:5      | XOM: mild Chrm miscast
  4758 | D:5      | XOM: mild Conj miscast
  5074 | D:5      | Found a stormy altar of Qazlal.
  5091 | D:5      | Got an ivory war axe
  5092 | D:5      | Identified the +9 war axe "Akkouloi" {antimagic, rF+ rN+++ MR+ Dex-4} (You found it on level 5 of the Dungeon)
  5095 | D:6      | Noticed Menkaure
  5101 | D:6      | Killed Menkaure
  5117 | D:6      | Found a hide-covered altar of Uskayaw.
  5195 | D:6      | Noticed Sigmund
  5200 | D:6      | XOM: cast spell 'Ring of Flames'
  5203 | D:6      | XOM: enchant monster (good)
  5210 | D:6      | Engulfed by a cloud of flame

Vault maps used:
D:1:      dpeg_arrival_boxorama
D:3:      lemuel_doored_altar, lemuel_crystal_altar, xom_redecorated
D:4:      cheibrodos_ashenzari_chains, gup_sewer_entry_pipe, st_stairs_7,
          uniq_edmund
D:5:      basic_altar, first_bread, nicolae_qazlal_eye_of_the_storm,
          uniq_grinder
D:6:      eat_drink_and_be_merry_uskayaw, minmay_temple_entry_crystal_x,
          uniq_eustachio, uniq_menkaure, uniq_sigmund
Sewer:    sewer_co_scattered_pipes

Skill      XL: |  1  2  3  4  5  6  7  8 |
---------------+-------------------------+-----
Evocations     | 1 2 3 |  3.5
Conjurations   | 1 2 3 |  3.9
Hexes          | 1 2 |  2.8
Shields        | 1 2 3 |  3.7
Charms         | 1 2 3 |  3.9
Armour         | 1 2 |  2.8
Axes           | 1 2 3 |  3.7
Necromancy     | 1 2 3 |  3.7
Fire Magic     | 1 2 3 |  3.3
Maces & Flails | 1 2 3 |  3.5
Staves         | 1 2 3 |  3.1
Bows           | 1 2 3 |  3.9
Dodging        | 3 4 |  4.0
Summonings     | 1 2 3 |  3.5
Translocations | 5 |  5.9
Poison Magic   | 1 2 |  2.8
Invocations    | 2 3 4 |  4.0
Throwing       | 1 2 3 |  3.1
Short Blades   | 2 3 4 |  4.0
Unarmed Combat | 1 2 3 |  3.5
Ice Magic      | 1 2 3 |  3.1
Long Blades    | 1 2 |  2.8
Air Magic      | 1 2 |  2.3
Polearms       | 7 |  7.5
Transmutations | 1 2 |  2.6
Earth Magic    | 1 2 |  2.3
Spellcasting   | 3 4 |  4.2
Fighting       | 3 |  3.5
Slings         | 1 3 |  3.9
Crossbows      | 1 2 |  2.6
Stealth        | 5 |  5.6

Action                   |  1- 3 |  4- 6 |  7- 9 || total
-------------------------+-------+-------+-------++-------
Melee: Spear             |    85 |       |    95 ||   180
       Bite              |    15 |    23 |    16 ||    54
       Dagger            |    46 |   429 |    51 ||   526
       Headbutt          |       |    50 |    23 ||    73
       Punch             |       |     2 |     2 ||     4
       War axe           |       |       |    16 ||    16
Evoke: Wand              |       |    18 |    25 ||    43
  Use: Potion            |     1 |    12 |       ||    13
       Scroll            |       |    14 |     2 ||    16
 Stab: Sleeping          |    12 |     5 |     2 ||    19
  Eat: Chunk             |       |    10 |     5 ||    15
Armor: Robe              |    11 |    53 |       ||    64
       Skin              |       |    13 |       ||    13
       Scale mail        |       |     1 |    32 ||    33
Dodge: Dodged            |    54 |   198 |    49 ||   301

Table legend:
 A = Spawn XP
 B = Non-spawn XP
 C = Spawn XP percentage of total XP
 D = Spawn monster count
 E = Non-spawn monster count
 F = Spawn count percentage of total count
 G = Total turns spent on level
                    A         B        C        D         E        F      G
               +---------+---------+-------+---------+---------+-------+---------
         Total |       0 |    1945 |   0.0 |       0 |     134 |   0.0 |  5210
               +---------+---------+-------+---------+---------+-------+---------
           D:1 |       0 |      45 |   0.0 |       0 |      23 |   0.0 |   595
           D:2 |       0 |      68 |   0.0 |       0 |      28 |   0.0 |   663
           D:3 |       0 |     195 |   0.0 |       0 |       6 |   0.0 |   752
           D:4 |       0 |     405 |   0.0 |       0 |      28 |   0.0 |  1293
           D:5 |       0 |     944 |   0.0 |       0 |      23 |   0.0 |   838
           D:6 |       0 |     249 |   0.0 |       0 |       8 |   0.0 |   115
         Sewer |       0 |      39 |   0.0 |       0 |      18 |   0.0 |   954
               +---------+---------+-------+---------+---------+-------+---------
